 Dungeon Crawl Stone Soup version 0.30.0-5-g1a98f26d00 (webtiles) character file.

Game seed: 7958534304654198127

5399 qeuew the Nimble (level 10, -4/51 HPs)
             Began as a Spriggan Hunter on May 8, 2023.
             Was a Believer of Dithmenos.
             Killed by vampiric draining
             ... invoked by a vampire
              (18 damage)
             ... on level 7 of the Dungeon.
             The game lasted 00:12:45 (6246 turns).

qeuew the Nimble (Spriggan Hunter)                  Turns: 6246, Time: 00:12:45

Health: -4/51      AC:  7    Str:  7    XL:     10   Next: 40%
Magic:  15/15      EV: 28    Int: 11    God:    Dithmenos [**....]
Gold:   394        SH:  5    Dex: 23    Spells: 11/14 levels left

rFire   . . .        a - +1 shortbow (elec)
rCold   . . .        (shield currently unavailable)
rNeg    . . .        d - +0 steam dragon scales
rPois   +            (helmet restricted)
rElec   .            (no cloak)
rCorr   .            (gloves unavailable)
SInv    +            (boots unavailable)
Will    +....        o - amulet of reflection
Stlth   ++++++       (no ring)
HPRegen 0.28/turn    (no ring)
MPRegen 0.14/turn

%: reflection
@: wreathed by umbra, very quick
A: very small, no large weapons, unfitting armour, see invisible, speed 3, claws
1, iridescent scales 1, poison resistance
a: Renounce Religion, Shadow Step


You were on level 7 of the Dungeon.
You worshipped Dithmenos.
Dithmenos was pleased with you.
You visited 2 branches of the dungeon, and saw 9 of its levels.

You collected 394 gold pieces.

Inventory:

Hand Weapons
 a - a +1 shortbow of electrocution (weapon)
 c - a +1 short sword
 r - the +8 long sword of Seican {pain, rF++}
   (You found it on level 7 of the Dungeon)

   rF:        It greatly protects you from fire.
Missiles
 f - 2 throwing nets
Armour
 d - +0 steam dragon scales (worn)
Jewellery
 k - the amulet of Meixtut {Regen+ Int+7}
   (You took it off a gnoll on level 7 of the Dungeon)

   [amulet of regeneration]

   Int:       It affects your intelligence (+7).
   Regen:     It increases your rate of health regeneration.
 o - an amulet of reflection (around neck)
Wands
 l - a wand of flame (21)
Scrolls
 e - 3 scrolls of amnesia
 g - 2 scrolls of identify
 h - 2 scrolls of magic mapping
 j - a scroll of poison
 q - a scroll of enchant armour
 s - a scroll of brand weapon
 t - a scroll of blinking {unknown}
Potions
 b - a potion of might
 i - a potion of flight
 m - a potion of mutation
 n - a potion of degeneration {unknown}
Miscellaneous
 p - a lightning rod (4/4)


   Skills:
 + Level 5.0 Fighting
 - Level 2.9(3.0) Short Blades
 + Level 0.3(1.3) Long Blades
 * Level 9.3 Ranged Weapons
 * Level 11.3 Dodging
 + Level 9.3 Stealth
 + Level 2.9 Spellcasting
 + Level 3.6 Translocations
 + Level 3.2 Evocations


You had 11 spell levels left.
You knew the following spells:

 Your Spells              Type           Power      Damage    Failure   Level
a - Teleport Other        Tloc           9%         N/A       19%         3

Your spell library contained the following spells:

 Spells                   Type           Power      Damage    Failure   Level
 Lesser Beckoning         Tloc           18%        N/A       9%          2
 Gell's Gravitas          Tloc           9%         N/A       19%         3
 Sandblast                Erth           2%         2d4       26%         1
 Passwall                 Tmut/Erth      0%         N/A       38%         2
 Static Discharge         Conj/Air       2%         2-3/arc   38%         2
 Stone Arrow              Conj/Erth      2%         3d7       63%         3
 Airstrike                Air            0%         2d(1-17)  95%         4
 Animate Armour           Summ/Erth      2%         N/A       95%         4
 Summon Lightning Spire   Summ/Air       1%         N/A       95%         4
 Borgnjor's Revivificati  Necr           0%         N/A       100%        8
 Lehudib's Crystal Spear  Conj/Erth      0%         10d2      100%        8
 Necromutation            Tmut/Necr      0%         N/A       100%        8
 Death's Door             Necr           0%         N/A       100%        9


Dungeon Overview and Level Annotations

Branches:
Dungeon (8/15)             Temple (1/1) D:6
   Lair: D:8-11

Altars:
Cheibriados
Dithmenos
Fedhas
Gozag
Hepliaklqana
Nemelex Xobeh
Okawaru
Qazlal
Ru
Sif Muna
Trog
Uskayaw
Vehumet
Wu Jian
Xom
Yredelemnul
Zin

Shops:
D:1 [


Innate Abilities, Weirdness & Mutations

You are very small and have problems with some larger weapons.
You are too small for most types of armour.
You have supernaturally acute eyesight. (SInv)
You cover ground extremely quickly. (Speed+++)
You have sharp fingernails.
You are partially covered in iridescent scales. (AC +2)
Your system is resistant to poisons. (rPois)


Message History

Aim: a vampire, carrying a wand of mindburst (14) (almost destroyed, slightly transparent, umbra, 70% to hit)
You shoot an arrow.
The arrow hits the vampire but does no damage.
The vampire is almost destroyed.
The vampire hits you. The vampire misses you.
Fire: a) +1 shortbow (elec)
Press: ? - help, Q - select action, (/) - cycle Shift-Dir - straight line, f/p - vampire
Aim: a vampire, carrying a wand of mindburst (14) (almost destroyed, slightly transparent, umbra, 70% to hit)
You shoot an arrow. The arrow closely misses the vampire.
The vampire completely misses you. The vampire misses you.
The vampire hits you but does no damage.
The vampire completely misses you.
Fire: a) +1 shortbow (elec)
Press: ? - help, Q - select action, (/) - cycle Shift-Dir - straight line, f/p - vampire
Aim: a vampire, carrying a wand of mindburst (14) (almost destroyed, slightly transparent, umbra, 70% to hit)
You shoot an arrow.
The arrow hits the vampire but does no damage.
The vampire is almost destroyed.
The vampire casts a spell at you.
You are confused.
Non-targeted confused fire: a) +1 shortbow (elec)
Press: ? - help, Q - select action, (/) - cycle Dir - look around, f - activate You shoot an arrow.
The vampire misses you.
The vampire bites you but does no damage.
Unknown command.
Okay, then.
The vampire completely misses you. The vampire barely misses you.
The vampire hits you.
* * * LOW HITPOINT WARNING * * *
The vampire closely misses you.
Non-targeted confused fire: a) +1 shortbow (elec)
Press: ? - help, Q - select action, (/) - cycle Dir - look around, f - activate You shoot an arrow.
The vampire hits you but does no damage.
The vampire completely misses you.
Unknown command.
You feel less confused. The vampire draws life force from you!!
You die...

#...# #(...# #...# #....# #
#...# #>...## #. ##.##
#.........## #..###
#......... .. #....#
##........####.
#.##.######..#...........
#.##.#....#.#.....##.....
#.......@................
#.....)V###.#####.#####.#
#.......#..##.#.....#....
#..[....#..#.##.⌠.⌠.##..#
###.......[##.##..._....#.#
#..([)....##.#..#.⌠.⌠.###..
###[......#.##..#.....##...
#........###.#####.#####.#
##)#..[>†.#..#..##..)## ...


You could see a vampire (invisible).

Vanquished Creatures
  A boulder beetle (D:7)
  2 deep elf pyromancers (D:8)
  A shadow (D:7)
  A steam dragon (D:7)
  3 vampire mosquitoes (D:7)
  Menkaure (D:6)
  A water moccasin (D:6)
  3 orc warriors (D:8)
  An ice beast (D:7)
  2 black bears
  A sky beast (D:8)
  A centaur (D:7)
  A phantom (D:6)
  6 bullfrogs
  4 scorpions
  4 wights (D:8)
  2 howler monkeys
  2 orc priests
  3 hounds
  2 gnoll boudas
  Ijyb (D:5)
  2 iguanas (D:5)
  7 orc wizards
  10 gnolls
  2 adders
  A shadow imp (D:5)
  2 worms (D:2)
  5 dart slugs
  29 orcs
  8 endoplasms
  3 giant cockroaches
  A goblin (D:1)
  5 hobgoblins
  8 quokkas
  10 ball pythons
  2 bats (D:1)
  A frilled lizard (D:3)
  6 kobolds
  6 rats
151 creatures vanquished.

Vanquished Creatures (collateral kills)
  A boulder beetle (D:7)
  A water moccasin (D:5)
2 creatures vanquished.

Grand Total: 153 creatures vanquished

Notes
Turn   | Place    | Note
-------+----------+-------------------------------------------
     0 | D:1      | qeuew the Spriggan Hunter began the quest for the Orb.
     0 | D:1      | Reached XP level 1. HP: 10/10 MP: 2/2
    41 | D:1      | Reached skill level 3 in Dodging
    81 | D:1      | Reached XP level 2. HP: 15/15 MP: 3/3
   157 | D:1      | Found a faded altar of an unknown god.
   472 | D:1      | Found Sofoeck's Antique Armour Shop.
   711 | D:2      | Reached XP level 3. HP: 18/18 MP: 4/4
  1244 | D:2      | Gained mutation: You have sharp fingernails. [potion of
                  | mutation]
  1244 | D:2      | Gained mutation: Your system is resistant to poisons.
                  | (rPois) [potion of mutation]
  1244 | D:2      | Gained mutation: You are partially covered in iridescent
                  | scales. (AC +2) [potion of mutation]
  1317 | D:3      | Identified the +5 whip "Notzirym" {antimagic, rElec rN+}
  1502 | D:3      | Reached skill level 4 in Dodging
  1502 | D:3      | Reached XP level 4. HP: 23/23 MP: 5/5
  2036 | D:4      | Found an opulent altar of Gozag.
  2589 | D:5      | Entered Level 5 of the Dungeon
  2622 | D:5      | Noticed a water moccasin
  2635 | D:5      | Killed a water moccasin
  2636 | D:5      | Reached skill level 5 in Ranged Weapons
  2636 | D:5      | Reached skill level 5 in Dodging
  2636 | D:5      | Reached XP level 5. HP: 10/27 MP: 6/6
  2741 | D:5      | Reached XP level 6. HP: 22/32 MP: 7/7
  2887 | D:5      | Reached skill level 6 in Dodging
  3061 | D:5      | Reached XP level 7. HP: 6/35 MP: 8/8
  3293 | D:5      | Noticed Ijyb
  3301 | D:5      | Killed Ijyb
  3478 | D:6      | Reached skill level 5 in Stealth
  3620 | D:6      | Reached skill level 7 in Dodging
  3750 | D:6      | Found a staircase to the Ecumenical Temple.
  3881 | D:6      | Noticed Menkaure
  3892 | D:6      | HP: 1/36 [Menkaure (12)]
  3901 | D:6      | Killed Menkaure
  4183 | Temple   | Entered the Ecumenical Temple
  4252 | Temple   | Became a worshipper of Dithmenos the Shadowed
  4318 | D:6      | Reached XP level 8. HP: 13/40 MP: 9/9
  4353 | D:7      | Noticed a deep elf pyromancer
  4356 | D:7      | Reached skill level 8 in Dodging
  4466 | D:7      | Noticed a boulder beetle
  4477 | D:7      | Killed a boulder beetle
  4478 | D:7      | Reached skill level 9 in Dodging
  4507 | D:7      | Noticed a boulder beetle
  4571 | D:7      | Reached XP level 9. HP: 16/45 MP: 10/10
  4831 | D:8      | Reached * piety under Dithmenos
  4900 | D:8      | Reached skill level 10 in Dodging
  4915 | D:8      | Reached skill level 1 in Short Blades
  5055 | D:8      | Learned a level 3 spell: Teleport Other
  5368 | D:8      | Found a snail-covered altar of Cheibriados.
  5407 | D:8      | Found a hide-covered altar of Uskayaw.
  5558 | D:7      | Reached skill level 1 in Spellcasting
  5558 | D:7      | Reached skill level 1 in Translocations
  5558 | D:7      | Reached skill level 1 in Evocations
  5560 | D:7      | Killed a boulder beetle
  5813 | D:7      | Reached XP level 10. HP: 51/51 MP: 14/14
  5836 | D:7      | Noticed a deep elf pyromancer
  5872 | D:8      | Killed a deep elf pyromancer
  5873 | D:8      | Reached skill level 11 in Dodging
  5949 | D:8      | Killed a deep elf pyromancer
  5957 | D:7      | Reached skill level 5 in Fighting
  5992 | D:7      | Identified the amulet of Meixtut {Regen+ Int+7}
  5998 | D:7      | Identified the +2 ring mail "Quseor" {Contam +Blink rN+
                  | MP+9}
  6048 | D:7      | Identified the +8 long sword of Seican {pain, rF++}
  6051 | D:7      | Found an ornate altar of the Wu Jian Council.
  6072 | D:7      | Reached ** piety under Dithmenos
  6246 | D:7      | Killed from afar by a vampire

Illustrated notes

Levels and vault maps discovered:
D:1:      ldierk_walled_garden, layout_basic, serial_shops, shop,
          shapermc_ecumenical_altar_flowoftime
D:2:      layout_loops_ring
D:3:      layout_basic, feat_on_display
D:4:      layout_loops_ring, mainiacjoe_overflow_alcove_2
D:5:      layout_basic, uniq_ijyb
D:6:      layout_rooms, minmay_temple_entry_enclosed_plants,
          chequers_serial_rivers_micro_e, uniq_menkaure
D:7:      minmay_the_grid_square_5x5_3x3
          [minmay_the_grid_square_5x5_inverted_slash,
          minmay_the_grid_square_5x5_inner_i,
          minmay_the_grid_square_5x5_checkered_sparse,
          minmay_the_grid_square_5x5_six,
          minmay_the_grid_square_5x5_megaprize_diamond,
          minmay_the_grid_square_5x5_bridge,
          minmay_the_grid_square_5x5_beaten_path,
          minmay_the_grid_square_5x5_shrine1,
          minmay_the_grid_square_5x5_percent], layout_rooms,
          chequers_serial_rivers_micro_b, amethyst_killhole, uniq_joseph
D:8:      layout_loops_ring, nicolae_uskayaw_murder_on_the_dancefloor,
          kennysheep_slug_shrine, minmay_stone_trees_small
Temple:   nicolae_temple_great_sept

Skill      XL: |  1  2  3  4  5  6  7  8  9 10 |
---------------+-------------------------------+-----
Dodging        | 3 4 5 6 7 9 10 11 | 11.3
Stealth        | 2 3 4 6 7 8 9 |  9.3
Fighting       | 2 3 4 5 |  5.0
Ranged Weapons | 5 6 8 9 |  9.3
Short Blades   | 2 |  2.9
Spellcasting   | 2 |  2.9
Translocations | 2 3 |  3.6
Evocations     | 2 3 |  3.2
Long Blades    | |  0.3

Action                     |  1- 3 |  4- 6 |  7- 9 | 10-12 || total
---------------------------+-------+-------+-------+-------++-------
  Melee: Short sword       |       |       |    11 |       ||    11
         Punch             |       |       |     1 |       ||     1
   Fire: Shortbow          |   105 |   138 |   372 |    95 ||   710
    Use: Potion            |     2 |     1 |     6 |       ||     9
         Scroll            |     2 |     5 |    11 |       ||    18
 Armour: Robe              |     2 |     7 |    15 |       ||    24
         Steam dragon scal |       |       |     9 |     4 ||    13
  Dodge: Dodged            |    21 |    78 |   278 |    53 ||   430
  Block: Other             |       |       |    49 |     8 ||    57
